 Dungeon Crawl Stone Soup version 0.30-a0-737-gf23d94013f (webtiles) character file.

Game seed: 2975798068359969573

87 EmilyW the Covered (level 4, -6/40 HPs)
             Began as a Minotaur Fighter on Dec 2, 2021.
             Mangled by a gnoll
             ... wielding a +0 halberd
              (12 damage)
             ... on level 3 of the Dungeon on Feb 1, 2023.
             The game lasted 00:04:49 (2562 turns).

EmilyW the Covered (Minotaur Fighter)               Turns: 2562, Time: 00:04:50

Health: -6/40      AC:  7    Str: 21    XL:     4   Next: 28%
Magic:  3/3        EV:  9    Int:  5    God:
Gold:   56         SH:  4    Dex: 11    Spells: 3/3 levels left

rFire   . . .      SeeInvis .    a - +0 war axe
rCold   . . .      Faith    .    c - +0 buckler
rNeg    . . .      Spirit   .    b - +0 scale mail
rPois   .          Reflect  .    (helmet restricted)
rElec   .          Harm     .    (no cloak)
rCorr   .          Rampage  .    (no gloves)
Will    .....                    (no boots) Stlth
                                 (no amulet)
HPRegen 0.26/turn                (no ring)
MPRegen 0.08/turn                (no ring)

@: no status effects
A: horns 2, retaliatory headbutt
a: no special abilities


You were on level 3 of the Dungeon.
You visited 1 branch of the dungeon, and saw 3 of its levels.

You collected 56 gold pieces.

Inventory:

Hand Weapons
 a - a +0 war axe (weapon)
Armour
 b - a +0 scale mail (worn)
 c - a +0 buckler (worn)
Scrolls
 i - a scroll of enchant armour
Potions
 d - a potion of might
 g - a potion of mutation {unknown}
 h - a potion of berserk rage {unknown}
 j - 2 potions of curing {unknown}


   Skills:
 + Level 4.2 Fighting
 + Level 3.4 Axes
 + Level 4.7 Armour
 + Level 0.4 Dodging
 + Level 4.1 Shields


You had 3 spell levels left.
You didn't know any spells.
Your spell library was empty.

Dungeon Overview and Level Annotations

Branches:
Dungeon (3/15)

Altars:

Shops:
D:2 (


Innate Abilities, Weirdness & Mutations

You have a pair of horns on your head.
You reflexively headbutt those who attack you in melee.


Message History

A bat comes into view.
The gnoll hits you from afar with a +0 spear.
The hobgoblin hits you. The gnoll hits you but does no damage.
The hobgoblin closely misses you. The bat hits you but does no damage.
A rat comes into view.
You block the gnoll's attack. The hobgoblin barely misses you.
The gnoll completely misses you.
The hobgoblin hits you but does no damage.
The bat hits you but does no damage.
The gnoll hits you from afar with a +0 spear.
The hobgoblin hits you.
The rat twitches its whiskers.
You block the gnoll's attack. The gnoll barely misses you.
The hobgoblin misses you. The bat hits you but does no damage.
The gnoll hits you with a +0 flail.
The gnoll hits you from afar with a +0 spear.
The gnoll barely misses you.
The hobgoblin hits you but does no damage.
The gnoll barely misses you.
The gnoll hits you from afar with a +0 halberd.
The gnoll hits you but does no damage. The hobgoblin barely misses you.
The bat hits you but does no damage. The bat closely misses you.
The bat barely misses you. The gnoll closely misses you.
You furiously retaliate!
You headbutt the gnoll!
A gnoll comes into view. It is wielding a +0 sling.
You block the gnoll's attack.
The gnoll hits you from afar with a +0 halberd!
* * * LOW HITPOINT WARNING * * *
The hobgoblin closely misses you. You block the bat's attack.
The bat hits you but does no damage. The gnoll hits you but does no damage.
The gnoll barely misses you.
The gnoll hits you from afar with a +0 halberd.
* * * LOW HITPOINT WARNING * * *
The hobgoblin hits you.
* * * LOW HITPOINT WARNING * * *
The bat closely misses you. The bat closely misses you.
You block the gnoll's attack.
The gnoll hits you from afar with a +0 halberd!
You die...

#[##.##.###.#
#.##.<......#
#.#####.#####
#####.#####.#
#...........#
#.###########
#.# #.## #@g#
#gb#


grgg. ......?# ...♣♣♣..# +..♣ ..+ +.. .+ #.. .# You could see 4 gnolls, a
hobgoblin, a bat and a rat.

Vanquished Creatures
  3 adders (D:2)
  An adder zombie (D:2)
  3 adder skeletons (D:2)
  A bat skeleton (D:2)
  A bat zombie (D:2)
  6 endoplasms
  5 giant cockroaches
  2 goblins
  3 hobgoblins
  4 jackals (D:1)
  5 ball pythons
  3 ball python zombies (D:2)
  3 bats
  2 frilled lizards (D:2)
  A kobold (D:1)
  A quokka skeleton (D:2)
  3 rats (D:2)
47 creatures vanquished.

Notes
Turn   | Place    | Note
-------+----------+-------------------------------------------
     0 | D:1      | EmilyW the Minotaur Fighter began the quest for the Orb.
     0 | D:1      | Reached XP level 1. HP: 19/19 MP: 0/0
   573 | D:1      | Reached XP level 2. HP: 27/27 MP: 1/1
  1291 | D:2      | Found Sielaluz's Weapon Boutique.
  1345 | D:2      | Reached XP level 3. HP: 28/33 MP: 2/2
  1517 | D:2      | Found a faded altar of an unknown god.
  1790 | D:2      | Reached XP level 4. HP: 24/40 MP: 3/3
  2499 | D:2      | Upgraded the game from 0.28-a0-983-g1de4e0787c to
                  | 0.30-a0-737-gf23d94013f
  2562 | D:3      | Mangled by a gnoll

Illustrated notes

Levels and vault maps discovered:
D:1:      minmay_arrival_doors, layout_basic, nrook_mini_vaults
D:2:      layout_loops_corners, serial_shops, shop, basic_ecumenical_altar,
          serial_undead, serial_undead_a, serial_undead_a, serial_undead_f,
          serial_undead_d, minmay_tall_x
D:3:      layout_loops_ring, gammafunk_ghost_necromancy,
          kennysheep_generic_room_7

Skill      XL: |  1  2  3 |
---------------+----------+-----
Shields        | 4 |  4.1
Armour         | 4 |  4.7
Fighting       | 4 |  4.2
Axes           | 3 |  3.4
Dodging        | |  0.4

Action                     |  1- 3 |  4- 6 || total
---------------------------+-------+-------++-------
  Melee: War axe           |    78 |    21 ||    99
         Headbutt          |    13 |     5 ||    18
    Use: Scroll            |       |     2 ||     2
 Armour: Scale mail        |    38 |    23 ||    61
  Dodge: Dodged            |    43 |    25 ||    68
  Block: Buckler           |    27 |    12 ||    39

Table legend: (Time is in decaauts)
 A = Elapsed time spent in this place.
 B = Non-inter-level travel time spent in this place.
 C = Inter-level travel time spent in this place.
 D = Time resting spent in this place.
 E = Time spent auto-exploring this place.
 F = Levels seen in this place.
 G = Mean time per level.
                   A        B        C        D        E       F      G
               +--------+--------+--------+--------+--------+-----+--------+
         Total |   2598 |   2570 |     28 |      0 |   2089 |   3 |  866.0 |
       Dungeon |   2598 |   2570 |     28 |      0 |   2089 |   3 |  866.0 |
               +--------+--------+--------+--------+--------+-----+--------+

Top non-repeatable levels by time:
     D:1: 1276 daAuts
     D:2: 1274 daAuts
     D:3: 47 daAuts
